 Dungeon Crawl Stone Soup version 0.30.0-29-ga12c61a403 (webtiles) character file.

Game seed: 3528566304936105869

5026 DemonSlayer the Thaumaturge (level 10, 0/67 HPs)
             Began as a Demonspawn Earth Elementalist on June 18, 2023.
             Slain by a two-headed ogre
             ... wielding a +0 giant spiked club
              (7 damage)
             ... on level 9 of the Dungeon.
             The game lasted 00:28:09 (10860 turns).

DemonSlayer the Thaumaturge (DsEE)                 Turns: 10860, Time: 00:28:09

Health: 0/67       AC:  5    Str:  9    XL:     10   Next: 30%
Magic:  29/31      EV: 14    Int: 16    God:
Gold:   671        SH:  0    Dex: 26    Spells: 1/26 levels left

rFire   + . .        c - +1 dagger
rCold   + . .        (no shield)
rNeg    . . .        C - +2 robe {rC+ rF+}
rPois   .            (no helmet)
rElec   .            (no cloak)
rCorr   .            z - +0 pair of gloves
SInv    .            (no boots)
Will    .....        w - amulet of the acrobat
Stlth   +++++        k - +6 ring of dexterity
HPRegen 0.31/turn    H - ring of magical power
MPRegen 0.22/turn

%: acrobat
@: slowed, very slow
A: thin skeletal structure 1, foul stench 2, powered by pain 2
a: no special abilities


You were on level 9 of the Dungeon.
You visited 2 branches of the dungeon, and saw 10 of its levels.
You also visited: Bailey.

You collected 671 gold pieces.

Inventory:

Hand Weapons
 c - a +1 dagger (weapon)
Missiles
 b - 5 curare-tipped darts
 m - a throwing net
 F - 13 boomerangs
 I - 4 atropa-tipped darts
Armour
 z - a +0 pair of gloves (worn)
 C - a +2 robe of resistance (worn)
 G - a +0 troll leather armour
Jewellery
 g - a ring of see invisible
 k - a +6 ring of dexterity (left hand)
 l - an amulet of reflection
 w - an amulet of the acrobat (around neck)
 H - a ring of magical power (right hand)
Wands
 a - a wand of polymorph (11)
 x - a wand of flame (64)
 J - a wand of roots (6)
 K - a wand of paralysis (11)
Scrolls
 e - a scroll of fog
 h - 4 scrolls of blinking
 i - 3 scrolls of vulnerability
 j - 2 scrolls of magic mapping
 n - a scroll of poison
 o - a scroll of fear {unknown}
 s - 3 scrolls of teleportation {unknown}
 t - 3 scrolls of enchant armour {unknown}
 u - 2 scrolls of amnesia {unknown}
 y - 2 scrolls of butterflies
 A - a scroll of acquirement {unknown}
 L - a scroll of identify
 M - a scroll of torment {unknown}
Potions
 d - 4 potions of haste
 f - 4 potions of curing
 p - a potion of attraction {unknown}
 q - 2 potions of brilliance {unknown}
 r - 3 potions of lignification {unknown}
 v - 3 potions of heal wounds {unknown}
 B - a potion of berserk rage {unknown}
 D - a potion of invisibility {unknown}
 E - 2 potions of flight {unknown}


   Skills:
 + Level 1.9 Fighting
 + Level 0.5 Short Blades
 + Level 2.5 Throwing
 + Level 3.2 Dodging
 + Level 5.0 Stealth
 + Level 0.5 Shields
 + Level 8.7 Spellcasting
 + Level 4.5 Conjurations
 + Level 0.8 Transmutations
 + Level 8.4 Earth Magic
 + Level 0.1 Evocations


You had one spell level left.
You knew the following spells:

 Your Spells              Type           Power      Damage    Failure   Level
a - Sandblast             Erth           68%        2d15      1%          1
b - Passwall              Tmut/Erth      17%        N/A       2%          2
c - Petrify               Tmut/Erth      21%        N/A       16%         4
d - Stone Arrow           Conj/Erth      54%        3d10      2%          3
e - Cause Fear            Hex            3%         N/A       71%         4
f - Ignite Poison         Fire/Tmut/Pois 7%         N/A       28%         3
g - Lehudib's Crystal Sp  Conj/Erth      13%        10d5      100%        8

Your spell library contained the following spells:

 Spells                   Type           Power      Damage    Failure   Level
 Sticky Flame             Conj/Fire      14%        2d4       38%         4
 Borgnjor's Vile Clutch   Necr/Erth      10%        N/A       45%         5
 Passage of Golubria      Tloc           7%         N/A       71%         4
 Alistair's Intoxication  Tmut/Pois      5%         N/A       94%         5
 Silence                  Hex/Air        3%         N/A       96%         5
 Eringya's Noxious Bog    Tmut/Pois      4%         N/A       100%        6
 Dragon Form              Tmut           4%         N/A       100%        7
 Ignition                 Fire           3%         3d4       100%        8
 Dragon's Call            Summ           3%         N/A       100%        9


Dungeon Overview and Level Annotations

Branches:
Dungeon (9/15)             Temple (1/1) D:4          Bailey (visited)
   Lair: D:8-11         Orc: D:9-12

Altars:
Ashenzari
Cheibriados
Fedhas
Gozag
Hepliaklqana
Kikubaaqudgha
Makhleb
Nemelex Xobeh
Okawaru
Qazlal
Ru
Sif Muna
Trog
Uskayaw
Vehumet
Wu Jian
Xom
Yredelemnul

Shops:
D:1 :   D:7 *


Innate Abilities, Weirdness & Mutations

You have a somewhat thin skeletal structure. (Dex +2, Stealth+)
You sometimes emit foul miasma when damaged in melee.
You sometimes gain power by taking damage.


Message History

The wraith is heavily damaged.
The wraith closely misses you. The wraith hits you.
The wraith drains your vigour!
You feel as though you will be slow longer.
The stone arrow misses the wraith.
The wraith hits you.
You emit a cloud of foul miasma!
A two-headed ogre comes into view.
It is wielding a +0 giant spiked club and a +0 giant club.
The stone arrow hits the wraith!
The wraith is almost destroyed.
The wraith closely misses you. The wraith barely misses you.
The stone arrow hits the wraith!
You destroy the wraith!
The two-headed ogre hits you with a +0 giant spiked club!!
You focus on the pain.
You feel your power returning. The two-headed ogre closely misses you.
You are too injured to fight recklessly!
You are too injured to fight recklessly!
You are too injured to fight recklessly!
Casting: Stone Arrow (dangerous; 2% risk of failure)
Confirm with . or Enter, or press ? or * to list all spells.
Aiming: Stone Arrow (dangerous; 2% risk of failure)
Press: ? - help, Shift-Dir - straight line, f - two-headed ogre
Aim: a two-headed ogre, wielding a +0 giant spiked club and a +0 giant club (86% to hit)
The stone arrow hits the two-headed ogre!!
The two-headed ogre is moderately wounded.
The two-headed ogre hits you with a +0 giant spiked club!!
* * * LOW HITPOINT WARNING * * *
You focus on the pain.
You feel your power returning. The two-headed ogre misses you.
Unknown command.
Casting: Stone Arrow (dangerous; 2% risk of failure)
Confirm with . or Enter, or press ? or * to list all spells.
Aiming: Stone Arrow (dangerous; 2% risk of failure)
Press: ? - help, Shift-Dir - straight line, f/p - two-headed ogre
Aim: a two-headed ogre, wielding a +0 giant spiked club and a +0 giant club (moderately wounded, 86% to hit)
The stone arrow hits the two-headed ogre!
The two-headed ogre is heavily wounded.
The two-headed ogre barely misses you.
The two-headed ogre hits you with a +0 giant club!
You die...

#### #. ...#########
.....#........$# ####
...
.........#.####.....
... #.../.$...☼......
#.####..?....>@O......
#..........#<####..##.
###.......##.# ...
#......##.##.. #
#<####.##.##### ....#
#.##.# .#### #.##.#
#.##.# #.#


You could see a two-headed ogre.

Vanquished Creatures
  Pikel (D:5)
  Maggie (D:8)
  A troll (D:8)
  Prince Ribbit (D:5)
  Sigmund (D:2)
  A wraith (D:9)
  A wyvern (D:8)
  3 water moccasins
  4 orc warriors
  A sky beast (D:4)
  An ogre (D:7)
  A centaur (D:5)
  2 phantoms (D:5)
  A lemure (D:5)
  2 gnoll sergeants
  5 kobold brigands (Bailey)
  4 bullfrogs
  4 scorpions
  4 wights (D:7)
  6 killer bees (D:6)
  2 howler monkeys (D:4)
  A jelly (D:5)
  4 hounds
  5 orc priests
  3 sleepcaps
  4 iguanas
  3 orc wizards
  18 gnolls
  5 adders
  A white imp (D:4)
  An ufetubus (D:7)
  A worm (D:2)
  4 dart slugs
  18 orcs
  7 endoplasms
  3 giant cockroaches
  2 hobgoblins
  3 quokkas
  5 ball pythons
  A bat (D:1)
  10 frilled lizards
  3 goblins (D:1)
  11 kobolds
  4 rats
164 creatures vanquished.

Notes
Turn   | Place    | Note
-------+----------+-------------------------------------------
     0 | D:1      | DemonSlayer the Demonspawn Earth Elementalist began the
                  | quest for the Orb.
     0 | D:1      | Reached XP level 1. HP: 13/13 MP: 3/3
    64 | D:1      | Found Iffireox's Book Emporium.
   124 | D:1      | Gained mutation: You have a somewhat thin skeletal
                  | structure. (Dex +2, Stealth+) [demonic ancestry]
   124 | D:1      | Reached XP level 2. HP: 19/19 MP: 1/5
   616 | D:1      | Learned a level 2 spell: Passwall
   627 | D:2      | Noticed Sigmund
   735 | D:3      | Gained mutation: You may rarely emit foul miasma when
                  | damaged in melee. [demonic ancestry]
   735 | D:3      | Reached XP level 3. HP: 24/24 MP: 7/7
  1184 | D:3      | Reached XP level 4. HP: 24/30 MP: 4/8
  1760 | D:3      | Learned a level 4 spell: Petrify
  2433 | D:2      | Gained mutation: You sometimes gain a little power by
                  | taking damage. [demonic ancestry]
  2433 | D:2      | Reached XP level 5. HP: 32/35 MP: 10/10
  2996 | D:4      | Found a staircase to the Ecumenical Temple.
  3008 | Temple   | Entered the Ecumenical Temple
  3420 | D:4      | Found a transporter.
  3424 | D:4      | Found an opulent altar of Gozag.
  3425 | D:4      | Noticed a sky beast
  3431 | D:4      | Found a transporter.
  3460 | D:4      | Gained mutation: You sometimes emit foul miasma when
                  | damaged in melee. [demonic ancestry]
  3460 | D:4      | Reached XP level 6. HP: 33/41 MP: 5/11
  4137 | D:5      | Entered Level 5 of the Dungeon
  4269 | D:5      | Reached skill level 5 in Earth Magic
  4391 | D:5      | Noticed Prince Ribbit
  4401 | D:5      | Reached XP level 7. HP: 32/46 MP: 8/13
  4403 | D:5      | Killed Prince Ribbit
  4404 | D:5      | Reached skill level 5 in Spellcasting
  4553 | D:4      | Learned a level 3 spell: Stone Arrow
  4558 | D:4      | Learned a level 4 spell: Cause Fear
  4640 | D:5      | Noticed Pikel
  4725 | D:2      | Killed Sigmund
  5064 | D:5      | Reached XP level 8. HP: 53/53 MP: 9/16
  5363 | D:5      | Killed Pikel
  5364 | D:5      | Reached skill level 1 in Fighting
  5513 | D:5      | Noticed an air elemental
  5516 | D:5      | Found a stormy altar of Qazlal.
  5830 | D:6      | Reached skill level 1 in Throwing
  6010 | D:6      | Found a shimmering blue altar of Sif Muna.
  6255 | D:6      | Gained mutation: You sometimes gain power by taking damage.
                  | [demonic ancestry]
  6255 | D:6      | Reached XP level 9. HP: 36/59 MP: 8/19
  7058 | D:7      | Found a flagged portal.
  7067 | Bailey   | Entered a bailey
  7504 | Bailey   | Found a bloodstained altar of Trog.
  7514 | Bailey   | Identified the +4 quarterstaff of Theory {drain, rCorr
                  | Int-3 Dex+4}
  7732 | D:6      | Noticed a rust devil
  7732 | D:6      | Noticed a rust devil
  7872 | D:8      | Noticed a troll
  7881 | D:8      | Killed a troll
  8521 | D:8      | Noticed Maggie
  8531 | D:8      | Killed Maggie
  8819 | D:8      | Reached skill level 5 in Stealth
  9114 | D:8      | Learned a level 3 spell: Ignite Poison
  9272 | D:7      | Found Giloamp's Mass Market.
  9295 | D:7      | Reached XP level 10. HP: 63/67 MP: 22/22
  9964 | D:7      | Found a broken altar of Ashenzari.
 10276 | D:7      | Learned a level 8 spell: Lehudib's Crystal Spear
 10856 | D:9      | Noticed a two-headed ogre
 10860 | D:9      | Slain by a two-headed ogre

Illustrated notes

Levels and vault maps discovered:
D:1:      lemuel_arrival_behind_the_door_large, layout_rooms, serial_shops,
          nicolae_shop_rolling_square, nicolae_concentric_dashed_squares_wild
D:2:      layout_basic, minmay_lizard_king, uniq_sigmund
D:3:      layout_loops_corners, minivault_26, kennysheep_big_empty_room,
          minmay_misc_feat_hallway
D:4:      nicolae_cairo_tiling_very_big, layout_loops_corners,
          gammafunk_temple_overflow_arena, minmay_temple_entry_stoned_glass,
          grunt_decor_resistance
D:5:      layout_rooms, nicolae_qazlal_style_of_elements, uniq_pikel,
          uniq_prince_ribbit1
D:6:      cheibrodos_iron_armory, layout_basic, tgw_sif
D:7:      layout_rooms, enter_bailey_8, serial_park_tiny_pond,
          minmay_statues_item, minmay_shop_mass, minmay_ruined_shrine
D:8:      layout_basic, uniq_maggie
D:9:      layout_loops_ring
Temple:   nicolae_temple_bog_church

Skill      XL: |  1  2  3  4  5  6  7  8  9 10 |
---------------+-------------------------------+-----
Earth Magic    | 3 4 5 6 7 8 |  8.4
Dodging        | 2 3 |  3.2
Stealth        | 2 3 4 5 |  5.0
Spellcasting   | 3 4 5 7 8 |  8.7
Fighting       | 1 |  1.9
Conjurations   | 2 3 4 |  4.5
Throwing       | 1 2 |  2.5
Short Blades   | |  0.5
Shields        | |  0.5
Transmutations | |  0.8
Evocations     | |  0.1

Action                     |  1- 3 |  4- 6 |  7- 9 | 10-12 || total
---------------------------+-------+-------+-------+-------++-------
  Melee: Unarmed           |     2 |       |       |       ||     2
         Dagger            |    12 |    15 |    11 |     6 ||    44
  Throw: Throwing net      |       |       |     6 |       ||     6
         Boomerang         |       |       |    10 |       ||    10
         Dart              |       |       |     5 |       ||     5
   Cast: Sandblast         |    38 |    71 |    44 |       ||   153
         Stone Arrow       |       |       |    75 |    43 ||   118
  Evoke: Wand              |       |       |     1 |       ||     1
    Use: Potion            |     1 |       |     2 |       ||     3
         Scroll            |       |     4 |     8 |       ||    12
   Stab: Sleeping          |     3 |     7 |     7 |       ||    17
 Armour: Robe              |     2 |     2 |     8 |    11 ||    23
  Dodge: Dodged            |    20 |    26 |    81 |    44 ||   171
  Block: Other             |     5 |     6 |     8 |       ||    19
         Reflection        |       |       |     6 |       ||     6
